 Dungeon Crawl Stone Soup version 0.31-a0-489-g282fc92437 (webtiles) character file.

Game seed: 10574744393391034429

5 GordonOverkill the Sneak (level 1, -5/16 HPs)
             Began as an Octopode Delver on Aug 8, 2023.
             Slain by an orc priest
             ... wielding a +0 flail
              (8 damage)
             ... on level 5 of the Dungeon.
             The game lasted 00:02:05 (265 turns).

GordonOverkill the Sneak (Octopode Delver)           Turns: 265, Time: 00:02:06

Health: -5/16      AC:  2    Str: 11    XL:     1   Next: 80%
Magic:  1/1        EV: 13    Int: 12    God:
Gold:   16         SH:  0    Dex: 13    Spells: 0/0 levels left

rFire   . . .        a - +0 short sword
rCold   . . .        (no shield)
rNeg    . . .        h - +1 hat
rPois   .            (no amulet)
rElec   .            (no ring)
rCorr   .            (no ring)
SInv    .            (no ring)
Will    .....        (no ring)
Stlth   ++++         (no ring)
HPRegen 0.22/turn    (no ring)
MPRegen 0.07/turn    (no ring)
                     (no ring)

%: no passive effects
@: no status effects
A: almost no armour, amphibious, 8 rings, camouflage 1, gelatinous body 1,
(nimble swimmer 1), tentacles
a: no special abilities


You were on level 5 of the Dungeon.
You visited 1 branch of the dungeon, and saw 2 of its levels.

You collected 16 gold pieces.

Inventory:

Hand Weapons
 a - a +0 short sword (weapon)
Armour
 h - a +1 hat (worn)
Wands
 f - a wand of digging (1)
Scrolls
 b - a scroll of fog
 c - a scroll of revelation
 d - a scroll of fear
 g - a scroll of enchant armour {unknown}
Potions
 i - a potion of ambrosia {unknown}


   Skills:
 - Level 3.0 Fighting
 + Level 2.5 Short Blades
 - Level 2.0 Dodging
 - Level 6.6 Stealth


You couldn't memorise any spells.
You didn't know any spells.
Your spell library was empty.

Dungeon Overview and Level Annotations

Branches:
Dungeon (6/15)
 Temple: D:4-7

Altars:
Fedhas

Annotations:
D:5 exclusions: black bear, 2 iguanas and ogre


Innate Abilities, Weirdness & Mutations

You cannot wear most types of armour.
You are amphibious.
You can wear up to eight rings at the same time.
Your skin changes colour to match your surroundings (Stealth+).
Your rubbery body absorbs attacks. (AC +1, EV +1)
((You are camouflaged when in or above water. (Stealth+)))
You have tentacles for arms and can constrict up to eight enemies at once.


Message History

An iguana comes into view.
An iguana is nearby!
You see here a dart slug corpse.
A dart slug comes into view.
Found a scroll of revelation.
An orc comes into view. It is wielding a +0 hand axe.
The orc moves out of view.
Unknown command.
Found a scroll labelled UTUDEPLAZY.
A dart slug is nearby!
The helpless dart slug fails to defend itself.
You puncture the dart slug!
You kill the dart slug!
No target in view!
No target in view!
An orc is nearby!
An orc priest comes into view. It is wielding a +0 flail.
The orc priest shouts!
Okay, then.
Unknown command.
Aiming: Dig
Press: ? - help, Shift-Dir - straight line A rock wall.
The rock shatters into small pieces.
The orc priest mumbles some strange prayers to Beogh against you.
Beogh smites you!
Ouch! That really hurt!
* * * LOW HITPOINT WARNING * * *
Aiming: Dig
Press: ? - help, Shift-Dir - straight line A rock wall.
The rock shatters into small pieces.
You start resting.
An orc priest is nearby!
You hit the orc priest. You grab the orc priest. You squeeze the orc priest!
The orc priest is severely wounded.
You constrict the orc priest.
The orc priest hits you with a +0 flail!
Ouch! That really hurt!
You die...

....#..#....#.# ##
....#..#......# #.#
..o...........# #.#
##..##.#....†.# #.#
#..o...##.....# #.#
#......##.....# #.#
#.............#
#.###......#......#
#@#............###
##o#.....####..#..
#.##.....# #..'..
#.# #.....# ##.#..
#.# #.....# #.#..
#.# ####### #.#..
#.# ######.#.. ##
.......#..
.......#..


You could see an orc priest.

Vanquished Creatures
  2 dart slugs (D:5)
2 creatures vanquished.

Notes
Turn   | Place    | Note
-------+----------+-------------------------------------------
     0 | D:5      | GordonOverkill the Octopode Delver began the quest for the
                  | Orb.
     0 | D:5      | Reached XP level 1. HP: 16/16 MP: 1/1
    38 | D:5      | Noticed a black bear
    38 | D:5      | Noticed an iguana
    75 | D:5      | Found a blossoming altar of Fedhas.
   136 | D:6      | Noticed a water moccasin
   154 | D:6      | Noticed a hound
   192 | D:5      | Noticed an ogre
   233 | D:5      | Noticed an iguana
   252 | D:5      | Noticed an orc priest
   265 | D:5      | Slain by an orc priest

Illustrated notes

Levels and vault maps discovered:
D:5:      layout_basic, fedhas_altar_3, temple_doors_e
D:6:      layout_rooms, minmay_fractal_squares_gapless_5

Action                     || total
---------------------------++-------
  Melee: Short sword       ||     5
         Constrict         ||     2
         Tentacles         ||     1
  Evoke: Wand              ||     2
    Use: Potion            ||     1
   Stab: Sleeping          ||     1
 Armour: Skin              ||     1
  Dodge: Dodged            ||     1

Table legend: (Time is in decaauts)
 A = Elapsed time spent in this place.
 B = Non-inter-level travel time spent in this place.
 C = Inter-level travel time spent in this place.
 D = Time resting spent in this place.
 E = Time spent auto-exploring this place.
 F = Levels seen in this place.
 G = Mean time per level.
                   A        B        C        D        E       F      G
               +--------+--------+--------+--------+--------+-----+--------+
         Total |    248 |    222 |     26 |      3 |      0 |   2 |  124.0 |
       Dungeon |    248 |    222 |     26 |      3 |      0 |   2 |  124.0 |
               +--------+--------+--------+--------+--------+-----+--------+

Top non-repeatable levels by time:
     D:5: 194 daAuts
     D:6: 53 daAuts
